[Event "Austrian Bundesliga 2023-24"]
[Site "Austria"]
[Date "2024.03.20"]
[Round "7.24"]
[White "Bacrot, Etienne"]
[Black "Borhy, Marcell"]
[Result "1-0"]
[ECO "A07"]
[WhiteElo "2680"]
[BlackElo "2370"]
[Annotator "TA"]
[PlyCount "81"]
[EventDate "2023.10.21"]
[EventType "team-tourn"]
[EventCountry "AUT"]
[SourceTitle "playchess.com"]
[Source "ChessBase"]
[SourceQuality "1"]
[TimeControl "40/5400+30:1800+30"]

1. Nf3 d5 2. g3 Nf6 3. Bg2 c6 4. O-O Bg4 5. h3 Bh5 {[%emt 0:02:10] [#]} 6. c4 $1 e6 (6... Bxf3 7. Bxf3) 7. d3 dxc4 8. dxc4 {[%emt 0:00:13] Die Stellung ist ausgeglichen.} Nbd7 9. Bf4 Be7 10. Nc3 Bxf3 11. Bxf3 e5 12. Bd2 O-O 13. Qc2 Ne8 14. Rfd1 f5 15. Bg2 Qc7 {[%emt 0:04:49] [#]} 16. b4 $1 g6 (16... Bxb4 $2 {verliert.} 17. Nb5 cxb5 18. Bxb4 $18) (16... e4 17. Rab1) 17. b5 {[%emt 0:07:13] Und jetzt bxc6 wäre schön.} Ng7 18. Rab1 Ne6 19. Be3 e4 (19... Ndc5 {vereinfacht} 20. Na4 Rae8 21. Nxc5 Bxc5 22. Bxc5 Nxc5 23. bxc6 bxc6 24. h4 e4) 20. bxc6 bxc6 21. Nxe4 fxe4 22. Qxe4 Ndc5 23. Qxc6 Rac8 24. Qxc7 Nxc7 25. Bf4 N7e6 26. Bh6 Rfd8 27. Bd5 Kf7 28. Bd2 Rd6 29. Bb4 Rb6 {[%emt 0:04:02] Zielt auf ...Rcb8 ab.} 30. Ba5 Rxb1 (30... Ra6 $1 $15 {sieht stärker aus.} 31. Bd2 (31. Rb5 Kf8 $15) 31... Ke8 (31... Rxa2 32. Ra1 $17)) 31. Rxb1 $11 Kf8 32. e4 Nc7 {[%emt 0:00:51] ...Nxd5 ist eine echte Drohung.} 33. e5 Bd8 34. Bb4 Be7 35. Bd2 Nd7 36. Bh6+ {[%emt 0:04:10] Ein starkes Läuferpaar.} Ke8 {[%emt 0:00:01][%cal Oc7d5] Droht ...Nxd5! und aus.} 37. e6 {[%emt 0:00:05] Bb7 wäre nun fies.} Ne5 $2 {[%emt 0:01:37] [#]} (37... Nb8 $1 $11 {und Schwarz ist OK.}) 38. Bb7 $1 $18 {[%emt 0:03:20][%mdl 1024] Weiss hat starke Kompensation.} Rd8 {[%emt 0:00:01] [#]} 39. f4 $1 Bc5+ ({Schlechter ist} 39... Nxc4 40. Bc6+) 40. Kh1 Rd3 41. fxe5 {[%emt 0:02:25] Gewichteter Fehlerwert: Weiß=0.09 (makellos) /Schwarz=0.15 (sehr präzise) .  Verlustzug:     	---       	Schwarz=1     Fehler:       	---       	Schwarz=1     Ungenau:       	Weiß=3     	Schwarz=4     OK:         	Weiß=9     	Schwarz=13    Bester:       	Weiß=2     	---        Stark:        	Weiß=2     	---} 1-0

[Event "Austrian Bundesliga 2023-24"]
[Site "Austria"]
[Date "2024.03.20"]
[Round "7.25"]
[White "Michalik, Peter"]
[Black "Dragnev, Valentin"]
[Result "1/2-1/2"]
[ECO "C88"]
[WhiteElo "2562"]
[BlackElo "2575"]
[Annotator "TA"]
[PlyCount "81"]
[EventDate "2023.10.21"]
[EventType "team-tourn"]
[EventCountry "AUT"]
[SourceTitle "playchess.com"]
[Source "ChessBase"]
[SourceQuality "1"]
[TimeControl "40/5400+30:1800+30"]

1. e4 e5 2. Nf3 Nc6 3. Bb5 a6 4. Ba4 Nf6 5. O-O Be7 6. Re1 b5 7. Bb3 O-O 8. a4 Bb7 9. d3 d6 10. Nbd2 Nd7 11. Nf1 Nc5 12. axb5 axb5 13. Rxa8 Qxa8 14. Bd5 Nd8 15. Bxb7 Qxb7 16. Ng3 Nde6 17. c3 b4 18. d4 Nd7 19. Qa4 Rd8 20. Be3 (20. Qxb4 Qxb4 21. cxb4 exd4 $16) 20... bxc3 21. bxc3 g6 22. h4 h5 23. Rd1 Bf6 24. Qc2 Rb8 25. Nf1 Qb2 26. Qc1 Qa2 27. Rd2 Qa8 28. Qc2 Qa1 29. Rd1 {[%emt 0:00:38] Verhindert Rb1.} Rb2 30. Rxa1 Rxc2 31. Ra3 Nf4 {[%emt 0:20:33] Die Stellung ist ausgeglichen.} 32. Bxf4 exf4 33. g3 $1 fxg3 34. fxg3 Kg7 35. Ne3 Re2 36. Nd5 c6 37. Nxf6 Nxf6 38. e5 Ne4 39. c4 dxe5 (39... Nxg3 $2 {verliert.} 40. exd6 Re8 41. Ra6 $18) 40. Nxe5 c5 41. Ra7 {[%emt 0:05:30] Gewichteter Fehlerwert: Weiß=0.07 (makellos) /Schwarz=0.05 (makellos) .  Ungenau:       	Weiß=1     	---        OK:         	Weiß=12    	Schwarz=15    Bester:       	Weiß=2     	---        Stark:        	Weiß=1     	---} 1/2-1/2

[Event "Austrian Bundesliga 2023-24"]
[Site "Austria"]
[Date "2024.03.20"]
[Round "7.26"]
[White "Blohberger, Felix"]
[Black "Vogel, Roven"]
[Result "0-1"]
[ECO "B52"]
[WhiteElo "2531"]
[BlackElo "2521"]
[Annotator "TA"]
[PlyCount "84"]
[EventDate "2023.10.21"]
[EventType "team-tourn"]
[EventCountry "AUT"]
[SourceTitle "playchess.com"]
[Source "ChessBase"]
[SourceQuality "1"]
[TimeControl "40/5400+30:1800+30"]

1. e4 c5 2. Nf3 d6 3. Bb5+ Bd7 4. Bxd7+ Nxd7 5. O-O Ngf6 6. Qe2 e6 7. d4 cxd4 8. Nxd4 a6 9. c4 Rc8 10. b3 Be7 {[%emt 0:04:52][%cal Bf8e7,Be7d8,Bd8a5][%mdl 32] The position is equal.} 11. Bb2 Qb6 12. Nf3 O-O 13. Nc3 Qc5 14. Rfe1 Bd8 15. h3 Ba5 16. a3 {[%emt 0:08:23] And now b4 would win.} Qh5 17. Rad1 Bc7 18. b4 Rfd8 19. c5 dxc5 20. e5 Ne8 21. Qe4 Rb8 22. Rd3 cxb4 23. axb4 Qg6 24. Qe2 Nb6 25. Red1 Rxd3 26. Rxd3 Rd8 $36 {[%emt 0:05:29][%mdl 2048] Black is pushing. Black converts the advantage convincingly.} 27. Re3 (27. Rxd8 $15 Bxd8 28. b5) 27... Nd5 $17 28. Re4 Nxc3 29. Bxc3 Bb6 30. Bd2 h6 31. Kh2 Nc7 32. Rg4 {[%emt 0:00:14] [#]} Qh7 33. Be3 Bxe3 34. Qxe3 Nd5 35. Qd4 (35. Qc1 $17) 35... Qc2 $19 36. Rg3 Rc8 37. Qg4 (37. Ne1 {was called for.} Qc4 38. Qd2) 37... g6 {[%emt 0:02:01] Active counter play!} (37... Qxf2 38. Qxg7#) 38. Qh4 Kg7 (38... Qxf2 $2 39. Rxg6+ (39. Qxh6 Rc4 $19) 39... fxg6 40. Qxf2 $18) 39. Nd4 Qd2 (39... Qxf2 $2 40. Rxg6+ Kxg6 41. Qxf2 $18) 40. Nxe6+ $2 {[%emt 0:00:00] [#]} (40. Qe4 Re8 (40... Qxb4 $2 {too greedy.} 41. Nxe6+ Kh7 42. Qxd5 $18) 41. b5) 40... fxe6 {[%emt 0:00:00] Black is clearly winning.} 41. Qg4 Nf4 ({Weaker is} 41... Qxb4 42. Qxg6+ (42. Qxe6 Ne7 $11) 42... Kf8 43. Qg8+ Ke7 44. Rg7#) 42. Rf3 Rf8 {[%emt 0:03:30] Weighted Error Value: White=0.36/Black=0.09 (flawless) .  Mistake:       	White=4     	---        Inaccurate:     	White=3     	Black=1      OK:         	White=7     	Black=20     Best:        	White=1     	Black=2} 0-1

[Event "Austrian Bundesliga 2023-24"]
[Site "Austria"]
[Date "2024.03.20"]
[Round "7.27"]
[White "Votava, Jan"]
[Black "Peyrer, Konstantin"]
[Result "1/2-1/2"]
[ECO "A06"]
[WhiteElo "2441"]
[BlackElo "2434"]
[Annotator "TA"]
[PlyCount "87"]
[EventDate "2023.10.21"]
[EventType "team-tourn"]
[EventCountry "AUT"]
[SourceTitle "playchess.com"]
[Source "ChessBase"]
[SourceQuality "1"]
[TimeControl "40/5400+30:1800+30"]

1. Nf3 Nf6 2. c4 e6 3. b3 d5 4. e3 c5 5. Bb2 Nc6 6. cxd5 exd5 7. Bb5 Bd7 8. O-O Bd6 9. d4 cxd4 10. exd4 O-O 11. Nc3 Bg4 12. Bxc6 bxc6 13. h3 Bxf3 14. Qxf3 Qd7 15. Bc1 Rfe8 16. Bf4 Ne4 17. Bxd6 Qxd6 18. Rfe1 Ng5 19. Qd3 Ne6 20. Re3 Nf4 21. Qd2 Rxe3 22. Qxe3 h6 23. Ne2 Ne6 24. Rc1 Rc8 25. g3 Qd7 26. h4 Qd6 27. Kg2 Kf8 28. Rc2 Qb4 29. Qc3 Qxc3 30. Rxc3 $11 {[%emt 0:00:07][%mdl 4096] Endgame. KRN-KRN} Ke7 31. Kf3 Kd6 32. Ke3 g5 33. hxg5 hxg5 34. Rc1 Re8 {[%emt 0:02:14] [#] Threatens to win with ...Nf4+.} 35. Kd3 Rh8 36. b4 {[%emt 0:00:54] The position is equal.} Rh6 37. Rf1 f5 38. a4 a6 39. Rb1 Rh2 40. Ke3 f4+ 41. gxf4 gxf4+ 42. Nxf4 Nxf4 43. Kxf4 Rxf2+ 44. Ke3 {[%emt 0:00:05] A rather calm draw.   Weighted Error Value: White=0.05 (flawless) /Black=0.05 (flawless) .  Inaccurate:     	White=2     	---        OK:         	White=14    	Black=11     Best:        	White=1     	Black=1} 1/2-1/2

[Event "Austrian Bundesliga 2023-24"]
[Site "Austria"]
[Date "2024.03.20"]
[Round "7.28"]
[White "Balint, Peter"]
[Black "Maiwald, Jens-Uwe"]
[Result "1-0"]
[ECO "B06"]
[WhiteElo "2345"]
[BlackElo "2438"]
[Annotator "RC"]
[PlyCount "61"]
[EventDate "2023.10.21"]
[EventType "team-tourn"]
[EventCountry "AUT"]
[SourceTitle "playchess.com"]
[Source "ChessBase"]
[SourceQuality "1"]
[TimeControl "40/5400+30:1800+30"]

1. e4 g6 2. d4 Bg7 3. Nc3 d6 4. Be3 c6 5. Qd2 Nd7 6. f3 b5 7. h4 Ngf6 8. Bh6 Bxh6 9. Qxh6 b4 10. Nd1 Qb6 11. Qd2 c5 12. dxc5 Nxc5 13. Ne3 Be6 14. Ne2 Rc8 15. Nd4 h5 16. Nxe6 Nxe6 17. O-O-O Nc5 18. Bc4 a5 19. Kb1 Ncd7 20. Qe2 Kf8 21. Bb5 Nc5 22. Rhf1 e6 23. Rd4 Kg7 24. Rfd1 Rcd8 25. Bc4 Rhe8 26. Qd2 e5 27. Rxd6 Rxd6 28. Qxd6 Qa7 29. Qc6 Ncxe4 30. fxe4 Qxe3 31. Rf1 1-0

[Event "Austrian Bundesliga 2023-24"]
[Site "Austria"]
[Date "2024.03.20"]
[Round "7.29"]
[White "Platzgummer, Fabian"]
[Black "Steindl, Johannes"]
[Result "1-0"]
[ECO "B70"]
[WhiteElo "2304"]
[BlackElo "2302"]
[Annotator "TA"]
[PlyCount "79"]
[EventDate "2023.10.21"]
[EventType "team-tourn"]
[EventCountry "AUT"]
[SourceTitle "playchess.com"]
[Source "ChessBase"]
[SourceQuality "1"]
[TimeControl "40/5400+30:1800+30"]

1. Nf3 g6 2. e4 c5 3. d4 cxd4 4. Nxd4 Nf6 5. Nc3 d6 6. g3 Nc6 7. Nde2 Bg7 8. Bg2 O-O 9. O-O Be6 10. h3 Rc8 11. Be3 Na5 12. b3 Qd7 13. Kh2 {[%emt 0:02:21] White is better.} b5 14. Rc1 b4 15. Nd5 Nc6 16. c4 bxc3 17. Nexc3 Rfe8 18. Nf4 {[%emt 0:06:45] White is more active.} Nb4 19. Qd2 Rc7 (19... Red8 $16 {was called for.} 20. Nxe6 fxe6) 20. Ncd5 (20. Nce2 $18 Rb8 21. Rxc7 Qxc7 22. a3) 20... Bxd5 $16 21. Nxd5 Nbxd5 22. exd5 Rec8 23. Rxc7 Rxc7 24. Rc1 h5 25. Rc6 Rb7 26. Qc2 Kh7 27. Bf3 a5 (27... Bh6 $142) 28. Bb6 {[%emt 0:02:54] A strong pair of Bishops.} h4 29. g4 (29. gxh4 e6 $16) (29. Bxa5 $18 hxg3+ 30. Kxg3 (30. fxg3 Rb8 $16)) 29... e6 30. Rc7 $36 {[%emt 0:05:25][%mdl 2048] Keeping Black busy.} (30. Bxa5 Nxd5 31. Bxd5 exd5 $11) 30... Rxc7 31. Qxc7 Qb5 32. dxe6 (32. Bxa5 $2 Qf1 (32... Nxd5 33. Bxd5 Qxd5 34. Bb6 $11) 33. Qxd6 Qxf2+ 34. Bg2 Nxd5 $19) (32. Qxd6 Nd7 (32... exd5 33. Kg2 $16) (32... Nxd5 33. Bxd5 exd5 34. Qc5 $11) 33. Kg2 Nxb6 $17 (33... Qxb6 $2 34. Qxd7 Kg8 35. dxe6 $18)) 32... Ne8 $2 {[%emt 0:07:58][%mdl 8192] Black is weak on the light squares. A mistake that costs the game.} (32... fxe6 $16 33. Bxa5 (33. Qxd6 Nd7 $14) 33... Qe5+ 34. Kg1 (34. Kg2 Nd5 $16) 34... Qa1+ 35. Kg2 Qxa2) 33. Qxf7 $18 {[%emt 0:02:27][%cal Oh2g2] [#] And now Kg2! would win.} Qxb6 34. Be4 (34. Qxe8 {is a self mate.} Qxf2+ 35. Bg2 Be5+ (35... Qxa2 36. Qe7 $11) 36. Kh1 Qe1+) 34... Nf6 35. Bxg6+ Kh6 36. Kg1 Qd4 {[%emt 0:08:14] Against Bd3} 37. Bf5 (37. Bc2 $142 Qd1+ 38. Bxd1 Kh7 39. Bc2+ Kh8 40. e7 Bh6 41. e8=Q+ (41. Qxf6+ Kg8 42. e8=Q+ Bf8 43. Qfxf8#) 41... Bf8 42. Qfxf8+ Ng8 43. Qxg8#) 37... Qd1+ 38. Kh2 {[%emt 0:00:21][%csl Gf5][%cal Rf7g6] White mates.} Nxg4+ 39. Bxg4 Be5+ 40. Kg2 {[%emt 0:00:00] Weighted Error Value: White=0.12 (very precise) /Black=0.61.  Loses game:     	---       	Black=1      Mistake:       	White=2     	Black=2      Inaccurate:     	White=1     	Black=6      OK:         	White=9     	Black=7      Best:        	White=2     	Black=4} 1-0

[Event "Austrian Bundesliga 2023-24"]
[Site "Austria"]
[Date "2024.03.20"]
[Round "7.30"]
[White "Helmer, Christoph"]
[Black "Polterauer, Chiara"]
[Result "1-0"]
[ECO "C44"]
[WhiteElo "2198"]
[BlackElo "2194"]
[Annotator "RC"]
[PlyCount "125"]
[EventDate "2023.10.21"]
[EventType "team-tourn"]
[EventCountry "AUT"]
[SourceTitle "playchess.com"]
[Source "ChessBase"]
[SourceQuality "1"]
[TimeControl "40/5400+30:1800+30"]

1. e4 e5 2. Nf3 Nc6 3. d4 exd4 4. Nxd4 Qf6 5. Nf3 Bb4+ 6. c3 Bc5 7. Be2 d6 8. O-O Nge7 9. Nbd2 O-O 10. Nc4 h6 11. Be3 Bxe3 12. Nxe3 Re8 13. Re1 Ne5 14. Nxe5 dxe5 15. Bc4 c6 16. a4 Ng6 17. Qb3 Rb8 18. Rad1 Nf4 19. Rd2 Be6 20. Bxe6 Qxe6 21. Qd1 Qg6 22. g3 Nh3+ 23. Kg2 Ng5 24. f3 Ne6 25. Nf5 Kh7 26. Qc2 Red8 27. Red1 Rxd2+ 28. Rxd2 Qf6 29. Qd1 Rd8 30. b4 Rxd2+ 31. Qxd2 Qd8 32. Qd6 Qg5 33. Qd1 g6 34. h4 Qf6 35. Ne3 Qd8 36. Qxd8 Nxd8 37. Ng4 Kg7 38. Nxe5 Ne6 39. Nd3 b6 40. Ne5 Nd8 41. Kf2 Kf8 42. Ke3 Ke7 43. f4 h5 44. f5 gxf5 45. exf5 Kd6 46. Ke4 b5 47. axb5 cxb5 48. Nd3 Nc6 49. Nf4 a5 50. bxa5 Nxa5 51. Nxh5 Nb3 52. Nf4 Nd2+ 53. Kd4 Nf1 54. Ne2 Nh2 55. Ke4 Ng4 56. Kf4 Nf6 57. g4 Nd5+ 58. Ke4 Nf6+ 59. Kf3 Nd5 60. h5 Ke5 61. h6 Kf6 62. Nf4 Nxc3 63. Nh5+ 1-0

[Event "Austrian Bundesliga 2023-24"]
[Site "Austria"]
[Date "2024.03.20"]
[Round "7.31"]
[White "Brkic, Ante"]
[Black "Markus, Robert"]
[Result "1/2-1/2"]
[ECO "C41"]
[WhiteElo "2633"]
[BlackElo "2595"]
[Annotator "TA"]
[PlyCount "117"]
[EventDate "2023.10.21"]
[EventType "team-tourn"]
[EventCountry "AUT"]
[SourceTitle "playchess.com"]
[Source "ChessBase"]
[SourceQuality "1"]
[TimeControl "40/5400+30:1800+30"]

1. e4 d6 2. d4 Nf6 3. Nc3 e5 4. Nf3 Nbd7 5. Bc4 Be7 6. a4 O-O 7. O-O exd4 8. Nxd4 Re8 9. Re1 h6 {[%emt 0:03:24] Weiß hat minimalen Vorteil.} 10. h3 Bf8 11. a5 c6 12. Bf4 Qc7 13. Bh2 b5 14. axb6 Qxb6 15. Nf5 (15. Na4 {vereinfacht} Qc7 16. Bd3 Bb7 17. Re3) 15... Ne5 16. Bxe5 (16. Nxd6 $2 {verliert.} Bxd6 17. Bxf7+ Nxf7 $19) 16... dxe5 17. Qf3 Bxf5 18. exf5 a5 {[%emt 0:17:20] Schwarz ist schwach auf den weissen Feldern} 19. b3 Rad8 20. Ne4 {[%emt 0:01:10] Lässt Rd2 nicht zu} Be7 21. c3 Rd7 22. h4 Red8 23. g3 Qc7 24. Kg2 {[%emt 0:06:26] Weiß steht aktiver.} Kf8 25. Ra2 Nxe4 26. Rxe4 {[%emt 0:00:41] Droht Qh5 und aus.} Bf6 {[%emt 0:01:02] [#]} (26... Rd2 $142 27. Rxd2 Rxd2) 27. Qh5 $1 $16 {[%emt 0:06:55] Droht stark g4.} Rd2 28. Rxd2 (28. Rxa5 $1 $16 {Und b4 würde nun gewinnen.} Rc2 29. Re3) 28... Rxd2 $14 29. g4 {[%emt 0:02:14] g5 ist eine echte Drohung.} Qa7 30. Re2 Rxe2 31. Bxe2 {[%emt 0:00:01][%mdl 4096] Endspiel. KQB-KQB} e4 32. g5 $36 {[%emt 0:00:22][%mdl 2048] Schwarz steht unter starkem Druck.} Bxc3 33. gxh6 gxh6 34. Qxh6+ Ke7 35. Qxc6 Bd4 36. Bc4 Qd7 37. Qxe4+ Kf6 38. h5 {[%emt 0:03:42][%cal Bh4h5,Bh5h6][%mdl 32] Und jetzt h6 wäre schön.} Kg7 (38... Ba1 $16 {ist wohl besser.}) 39. Qh4 (39. Qg4+ $18 Kh7 40. Bxf7 Qxf7 41. Qxd4 Qxf5 42. f4) 39... Qc6+ 40. Kf1 (40. Kg1 $142 Qf6 41. h6+ Kh7 42. Qxf6 Bxf6 43. Bxf7) 40... Bf6 41. h6+ (41. Qg3+ {vereinfacht} Kf8 42. Qg2 Qxg2+ 43. Kxg2 Kg7 44. Kf1) 41... Kh8 42. Qf4 (42. Qg4 {vereinfacht} Qb7 43. Qg2 Qxg2+ 44. Kxg2 Kh7 45. Bxf7 Bg5 46. Kf3) 42... Qd7 43. Qf3 Qd2 ({Vorzuziehen ist} 43... Qc7 $14) 44. Qe4 ({Günstiger ist} 44. Bxf7 $16 {Qg3 wäre nun fies.} Qc1+ 45. Kg2 Qg5+ 46. Qg3) 44... Qd7 45. Qa8+ Kh7 46. Qxa5 Qd1+ (46... Kxh6 $142 47. Qd5 Qxd5 48. Bxd5 Kg5) 47. Qe1 $16 Qxe1+ 48. Kxe1 {[%emt 0:00:03] KB-KB} Bc3+ 49. Ke2 f6 50. Kd3 Be1 51. Be6 Kxh6 52. Kc4 Kg7 53. b4 Kf8 54. b5 Bxf2 55. Kd5 Ke7 56. Kc6 Kd8 57. b6 Be3 58. b7 Bf4 59. Bd5 {[%emt 0:00:03] Gewichteter Fehlerwert: Weiß=0.14 (sehr präzise) /Schwarz=0.16 (sehr präzise) .  Fehler:       	Weiß=4     	Schwarz=4     Ungenau:       	Weiß=2     	Schwarz=7     OK:         	Weiß=14    	Schwarz=11    Bester:       	Weiß=7     	Schwarz=5     Stark:        	Weiß=1     	---} 1/2-1/2

[Event "Austrian Bundesliga 2023-24"]
[Site "Austria"]
[Date "2024.03.20"]
[Round "7.32"]
[White "Horvath, Dominik"]
[Black "Martinovic, Sasa"]
[Result "1-0"]
[ECO "A46"]
[WhiteElo "2534"]
[BlackElo "2558"]
[Annotator "TA"]
[PlyCount "65"]
[EventDate "2023.10.21"]
[EventType "team-tourn"]
[EventCountry "AUT"]
[SourceTitle "playchess.com"]
[Source "ChessBase"]
[SourceQuality "1"]
[TimeControl "40/5400+30:1800+30"]

1. d4 Nf6 2. Nf3 d5 3. c3 Bf5 4. Qb3 Qc8 5. Bf4 c5 6. Nbd2 c4 7. Qd1 Nc6 8. g3 {[%emt 0:00:09] The position is equal.} h6 9. Bg2 g5 10. Be5 Bg7 11. O-O O-O 12. Bxf6 Bxf6 13. Re1 Rd8 14. e4 dxe4 15. Nxe4 Bxe4 {[%emt 0:18:14] White leaves nothing to chance now.} (15... Bg7 $14) 16. Rxe4 $16 Qf5 17. Qe2 Rac8 18. Re1 b5 {[%emt 0:03:22] [#]} 19. h4 $1 e6 20. Nh2 Bg7 21. hxg5 hxg5 22. Rg4 {[%emt 0:05:07][%cal Be4g4,Bg4g5,Bg5f5][%mdl 32] Qe3 is the strong threat.} e5 (22... Qd3 $16 {was necessary.}) 23. Be4 $18 Qf6 24. d5 Ne7 25. Nf3 Qh6 (25... Nxd5 $142 26. Rxg5 (26. Nxg5 Qe7 $18) 26... b4 27. cxb4 (27. Rxe5 bxc3 28. Rf5 cxb2 $18) 27... c3) 26. Rxg5 (26. Nxg5 f5 $16) 26... f6 {[%emt 0:00:57] [#]} 27. Rf5 {[%emt 0:01:52][%mdl 512] White is clearly winning.} Nxd5 (27... Nxf5 28. Bxf5) 28. Kg2 Bf8 29. Rh1 Qg7 30. Bxd5+ Rxd5 31. Qe4 Rcd8 32. Rh4 Qe7 {[%emt 0:00:38] [#]} 33. Rxf6 $3 {[%emt 0:00:19][%mdl 512] Weighted Error Value: White=0.03 (flawless) /Black=0.35.  Mistake:       	---       	Black=3      Inaccurate:     	---       	Black=3      OK:         	White=12    	Black=8      Best:        	White=2     	Black=1      Brilliant:      	White=1     	---} 1-0

[Event "Austrian Bundesliga 2023-24"]
[Site "Austria"]
[Date "2024.03.20"]
[Round "7.33"]
[White "Livaic, Leon"]
[Black "Samunenkov, Ihor"]
[Result "0-1"]
[ECO "A06"]
[WhiteElo "2558"]
[BlackElo "2544"]
[Annotator "TA"]
[PlyCount "77"]
[EventDate "2023.10.21"]
[EventType "team-tourn"]
[EventCountry "AUT"]
[SourceTitle "playchess.com"]
[Source "ChessBase"]
[SourceQuality "1"]
[TimeControl "40/5400+30:1800+30"]

1. Nf3 d5 2. e3 Nf6 3. c4 e6 4. Nc3 Bd6 5. b3 O-O 6. Bb2 c6 7. Qc2 {[%emt 0:01:20] A11: English Opening: 1...c6.} e5 8. cxd5 cxd5 9. Nb5 Nc6 10. Nxd6 Qxd6 11. d4 e4 12. Ne5 Nb4 13. Qd2 Ne8 14. Bc3 $146 ({Predecessor:} 14. a3 Na6 15. f3 f6 16. Ng4 exf3 17. gxf3 Bxg4 18. fxg4 Qe6 19. Bg2 Nac7 20. h3 {0-1 Teclaf,P (2507)-Keymer,V (2591) EU-Cup Online Final rapid 2021 (7.4)}) 14... Na6 15. f3 f6 16. fxe4 fxe5 17. dxe5 Qg6 18. exd5 Nec7 19. d6 (19. e6 $1 $11 {remains equal.} Nxd5 20. Qxd5 Bxe6 21. Qxe6+ (21. Qxb7 $2 Nc5 $17) 21... Qxe6 22. Bc4) 19... Ne6 $17 20. Bd3 Qh6 21. O-O-O Nac5 22. Bc2 Bd7 23. Kb2 Bc6 24. Qe2 Be4 25. Bd4 Qg6 ({Black should play} 25... Bxc2 $17 26. Qxc2 Rac8) 26. Bxc5 $15 Bxc2 $1 27. Rd2 {[%emt 0:00:26] [#]} ({White has to play} 27. Qxc2 $15 Qxc2+ 28. Kxc2 Nxc5 29. b4) 27... Bd3 $1 $19 28. Rxd3 Nxc5 29. Rd5 Nd7 30. Rc1 Qe6 31. e4 Nxe5 32. Rc7 Qf6 33. Ka3 Rad8 34. Qd2 Rf7 ({Better is} 34... b6 35. Re7 Ng6) 35. Qc3 Nc6 (35... Rxd6 $6 36. Rc8+ Rf8 37. Rxe5 (37. Rxf8+ $2 Qxf8 38. Rxd6 Qxd6+ $19) 37... Ra6+ 38. Kb2 Qf2+ 39. Qc2 Qd4+ 40. Qc3 Qxc3+ 41. Rxc3 Rf2+ 42. Kb1 $15) 36. Qc4 {[%emt 0:02:38] [#]} (36. Qxf6 $142 gxf6 37. d7) 36... Qe6 $1 $17 (36... Rxd6 $2 37. Rxf7 Ne5 38. Rxf6 $18 (38. Rxe5 Ra6+ 39. Kb4 Qd6+ 40. Rc5 Qd2+ 41. Qc3 Rb6+ 42. Kc4 Qxc3+ 43. Kxc3 Kxf7 $18)) 37. Qb5 $2 (37. Kb2 $17) 37... Rxc7 $19 (37... Qxe4 38. Rxf7 Kxf7 39. Qxb7+ Ke6 40. Rc5 Kxd6 (40... Rxd6 $2 41. g4 $19) 41. Rc1 $17) 38. dxc7 Qe7+ (38... Qxe4 39. Rxd8+ (39. cxd8=R+ Nxd8 40. Rxd8+ Kf7 $18) 39... Kf7 40. Qh5+ (40. c8=Q Nxd8 41. Qxd8 Qe7+ 42. Qxe7+ Kxe7 43. Qxb7+ Ke6 44. b4 h5 45. Qxa7 g6) 40... g6 41. Qxh7+ (41. c8=Q gxh5 42. Qxb7+ Qe7+ 43. Qxe7+ Nxe7 $18) 41... Kf6 42. c8=Q (42. Qh8+ Kg5 43. h4+ Kf4 44. Qf8+ Qf5 45. c8=Q Qxf8+ 46. Rxf8+ Ke5 47. Qxb7 Nd4) 42... Qe7+ 43. Qxe7+ Kxe7 44. Rd7+ (44. Qxb7+ Kxd8 45. Qxc6 Ke7 46. Qxg6 a5 47. Ka4 Kd7 48. Kxa5 Ke7) 44... Kf6 45. Qf8+ (45. Qxb7 Ne5 46. Rd6+ Kf5 47. Qe7 Kf4 48. Rd4+ Ke3 49. Qxe5+ Kf2 50. Qg3+ Kf1 51. Rd1+ Ke2 52. Qf3#) 45... Ke5 46. Qe8+ (46. Rxb7 a6 47. Qc5+ Kf4 48. Qxc6 Ke3 49. Re7+ Kf2 50. Qf3+ Kg1 51. Re1+ Kxh2 52. Qh3#) 46... Kf5 47. Rf7+ (47. Rxb7 Nd4 48. Rf7+ Kg4 49. Qe4+ Kh5 50. g4+ Kh4 51. Rh7+ Kg5 52. h4+ Kf6 53. g5#) (47. Rd5+ Kf6 48. Rd6+ Kf5 49. Re6 Ne5 50. Rxe5+ Kf4 51. Qe7 Kg4 52. Qg5#) 47... Kg5 48. Qe4 (48. Rxb7 Nd4 49. Qd8+ Kf5 50. Qxd4 Ke6 51. g4 g5 52. Rd7 a6 53. Qd6#) 48... Kh5 49. g3 Kh6 50. Qh4#) 39. b4 0-1